 Dungeon Crawl Stone Soup version 0.30-a0-339-g89bb51ec76 (webtiles) character file.

Game seed: 8931342631620558961

1428 sanka the Grappler (level 8, -23/70 HPs)
             Began as a Troll Summoner on Oct 31, 2022.
             Killed from afar by Maggie (26 damage)
             ... with a bolt of fire
             ... on level 6 of the Dungeon.
             The game lasted 00:07:46 (3929 turns).

sanka the Grappler (Troll Summoner)                 Turns: 3929, Time: 00:07:47

Health: -23/70     AC:  9    Str: 19    XL:     8   Next: 44%
Magic:  8/8        EV:  9    Int: 11    God:
Gold:   235        SH:  5    Dex: 10    Spells: 6/9 levels left

rFire   . . .      SeeInvis .      - Unarmed
rCold   . . .      Faith    .    (no shield)
rNeg    . . .      Spirit   .    a - +0 robe
rPois   .          Reflect  +    (helmet restricted)
rElec   .          Harm     .    y - +0 cloak
rCorr   .          Rampage  .    (gloves unavailable)
Will    .....                    (boots unavailable)
Stlth   +.........               c - amulet of reflection
HPRegen 1.11/turn                e - +4 ring of protection
MPRegen 0.11/turn                t - ring of flight

@: flying, mesmerised
A: large, unfitting armour, claws 3, regeneration 1, shaggy fur 1, tough skin 1
a: no special abilities


You were on level 6 of the Dungeon.
You visited 1 branch of the dungeon, and saw 6 of its levels.

You collected 235 gold pieces.


Innate Abilities, Weirdness & Mutations

You are too large for most types of armour.
You have claws for hands.
Your natural rate of healing is unusually fast.
You are covered in fur. (AC +1)
You have tough skin. (AC +1)


   Skills:
 + Level 1.5 Fighting
 - Level 1.5 Dodging
 - Level 1.0 Stealth
 + Level 10.2 Unarmed Combat
 - Level 1.2 Spellcasting
 - Level 2.9 Summonings


You had 6 spell levels left.
You knew the following spells:

 Your Spells              Type           Power      Damage    Failure   Level
x - Call Imp              Summ           7%         N/A       14%         2
z - Summon Small Mammal   Summ           28%        N/A       10%         1

Your spell library contained the following spells:

 Spells                   Type           Power      Damage    Failure   Level
 Call Canine Familiar     Summ           7%         N/A       28%         3
 Foxfire                  Conj/Fire      0%         2x1d4     32%         1
 Summon Guardian Golem    Hex/Summ       3%         N/A       45%         3
 Gell's Gravitas          Tloc           0%         N/A       67%         3
 Lesser Beckoning         Tloc           0%         N/A       67%         3
 Teleport Other           Tloc           0%         N/A       67%         3
 Summon Lightning Spire   Summ/Air       3%         N/A       86%         4
 Fireball                 Conj/Fire      0%         3d3       100%        5
 Starburst                Conj/Fire      0%         6d3       100%        6

Inventory:

Armour
 a - a +0 robe (worn)
 y - a +0 cloak (worn)
Jewellery
 c - an amulet of reflection (around neck)
 e - a +4 ring of protection (left claw)
 t - a ring of flight (right claw)
 v - a ring of fire
Wands
 j - a wand of polymorph (14)
 m - a wand of charming (9)
Scrolls
 d - 5 scrolls of identify {unknown}
 f - 3 scrolls of poison {unknown}
 g - 3 scrolls of blinking {unknown}
 i - a scroll of noise {unknown}
 p - a scroll of magic mapping {unknown}
 s - 2 scrolls of enchant armour {unknown}
 u - 2 scrolls of fear {unknown}
 w - a scroll of amnesia {unknown}
 x - a scroll of teleportation {unknown}
Potions
 b - a potion of magic
 h - a potion of mutation {unknown}
 k - a potion of berserk rage {unknown}
 l - 2 potions of resistance {unknown}
 n - a potion of lignification {unknown}
 o - 2 potions of curing {unknown}
 q - 2 potions of cancellation {unknown}
 r - a potion of might {unknown}
 z - a potion of flight {unknown}
 A - 2 potions of attraction {unknown}
 B - a potion of brilliance {unknown}

Dungeon Overview and Level Annotations

Branches:
Dungeon (6/15)
 Temple: D:4-7

Altars:
Dithmenos
Hepliaklqana
Qazlal
Ru
Trog
The Shining One

Shops:
D:6 *

Annotations:
D:2 Sigmund
D:4 Dowan, Duvessa, Ijyb, Robin
D:6 Maggie

▒........▒..........▒▒..........▒
.....o...........▒▒..▒...▒▒▒▒....
▒...▒▒......o....▒▒......▒▒▒▒....
.......g....o.............▒......
▒...........▒............(.......
...........▒▒..........▒▒...(...▒
........Y.)▒▒.Ygo............▒..▒
▒.........og.)▒@g............▒▒▒▒
..........▒▒.▒▒▒T.........<..▒▒
>.............▒...............▒▒▒
.....).▒▒.▒.†.▒▒........∩......▒.
...▒...▒▒.....▒▒.................
...▒▒..▒....).........>....▒.....
.........▒▒▒▒..............▒▒▒▒..
...........................▒ ▒..
...)................▒....▒▒▒ ▒▒▒
.......▒▒▒..........▒▒▒..▒


You could see Maggie (mesmerising), an ice beast, a gnoll sergeant, an orc
wizard, a gnoll and 2 orcs.


Message History

Maggie is heavily wounded.
Maggie hits you with a +0 long sword of flaming.
* * * LOW HITPOINT WARNING * * *
Maggie burns you.
* * * LOW HITPOINT WARNING * * *
The gnoll sergeant hits you from afar with a +0 spear.
* * * LOW HITPOINT WARNING * * *
The gnoll hits you with a +0 club.
* * * LOW HITPOINT WARNING * * *
An orc comes into view. It is wielding a +0 hand axe.
Unknown command.
Okay, then.
Okay, then.
Aiming: Charm
Aim: Maggie, wielding a +0 long sword of flaming and wearing +0 steam dragon scales (heavily wounded, mesmerising, chance to affect: 49%) Maggie resists with some effort.
Maggie says, "How do the people who live here stand the isolation?"
Maggie casts a spell at you. The bolt of fire hits you!
* * * LOW HITPOINT WARNING * * *
An orc comes into view. It is wielding a +0 mace.
The gnoll sergeant closely misses you. You block the gnoll's attack.
Unknown command.
Aiming: Charm
Aim: Maggie, wielding a +0 long sword of flaming and wearing +0 steam dragon scales (heavily wounded, mesmerising, chance to affect: 49%) Maggie resists with some effort.
Maggie casts a spell at you. The bolt of fire hits you!!
You die...

Action                   |  1- 3 |  4- 6 |  7- 9 || total
-------------------------+-------+-------+-------++-------
Melee: Unarmed           |    88 |   118 |   120 ||   326
       Punch             |     1 |       |     5 ||     6
 Cast: Call Imp          |       |     1 |       ||     1
Evoke: Wand              |       |       |     2 ||     2
 Stab: Sleeping          |     3 |       |       ||     3
Armor: Robe              |    20 |    38 |    31 ||    89
Dodge: Dodged            |    29 |    52 |    35 ||   116
Block: Other             |    17 |    29 |    20 ||    66
       Reflection        |       |     2 |       ||     2

Levels and vault maps discovered:
D:1:      lemuel_arrival_behind_the_door_large, layout_basic, chequers_garden
D:2:      layout_basic, hex_tiny, minmay_pentomino_u4, uniq_sigmund
D:3:      layout_rooms, nicolae_overflow_crystal_walls,
          nicolae_ru_the_path_less_chosen, lemuel_coloured_pillars_altar
D:4:      layout_layer_cave, nicolae_overflow_hidden_temple, tso_metal_star,
          uniq_crazy_yiuf_cottage, uniq_ijyb, uniq_blork_the_orc, uniq_duvessa,
          uniq_pikel, uniq_robin
D:5:      layout_loops_ring, pf_just_have_faith, kennysheep_generic_room_16
D:6:      layout_cave_pools, minmay_temple_entry_glassed_door, serial_shops,
          nicolae_stop_n_shop_1, uniq_maggie

Notes
Turn   | Place    | Note
-------+----------+-------------------------------------------
     0 | D:1      | sanka the Troll Summoner began the quest for the Orb.
     0 | D:1      | Reached XP level 1. HP: 16/16 MP: 1/1
    53 | D:1      | Reached skill level 1 in Unarmed Combat
   160 | D:1      | Reached XP level 2. HP: 24/24 MP: 2/2
   186 | D:1      | Learned a level 2 spell: Call Imp
   230 | D:1      | Reached skill level 2 in Unarmed Combat
   627 | D:2      | Reached XP level 3. HP: 31/31 MP: 3/3
   637 | D:2      | Reached skill level 3 in Unarmed Combat
   835 | D:2      | Reached XP level 4. HP: 37/39 MP: 4/4
  1031 | D:2      | Noticed Sigmund
  1170 | D:2      | Reached skill level 4 in Unarmed Combat
  1578 | D:3      | Found a shadowy altar of Dithmenos.
  1726 | D:3      | Identified the +1 ring mail of Hepliaklqana's Regard {rCorr
                  | Int-3 Slay+3}
  1833 | D:3      | Found a sacrificial altar of Ru.
  1891 | D:3      | Found a stormy altar of Qazlal.
  1979 | D:4      | Found a hazy altar of Hepliaklqana.
  1994 | D:4      | Noticed Pikel
  1994 | D:4      | Noticed a lemure
  1994 | D:4      | Noticed a lemure
  2083 | D:4      | Noticed Ijyb
  2139 | D:4      | Noticed Blork the orc
  2234 | D:4      | Found a glowing golden altar of the Shining One.
  2266 | D:4      | Noticed Dowan
  2302 | D:4      | Noticed Robin
  2343 | D:3      | Reached XP level 5. HP: 44/45 MP: 5/5
  2577 | D:4      | Noticed a lemure
  2602 | D:3      | Killed Pikel
  2603 | D:3      | Reached skill level 7 in Unarmed Combat
  2603 | D:3      | Reached XP level 6. HP: 41/53 MP: 6/6
  2603 | D:3      | Reached XP level 7. HP: 46/59 MP: 7/7
  2648 | D:4      | Killed Blork the orc
  2815 | D:5      | Entered Level 5 of the Dungeon
  2850 | D:5      | Reached skill level 8 in Unarmed Combat
  3009 | D:5      | Reached skill level 9 in Unarmed Combat
  3009 | D:5      | Reached XP level 8. HP: 61/67 MP: 8/8
  3347 | D:5      | Found a bloodstained altar of Trog.
  3506 | D:4      | Noticed Duvessa
  3735 | D:6      | Found Circhor's Assorted Antiques.
  3777 | D:6      | Reached skill level 10 in Unarmed Combat
  3823 | D:6      | Reached skill level 1 in Fighting
  3896 | D:6      | Identified +0 steam dragon scales
  3896 | D:6      | Noticed Maggie
  3928 | D:6      | HP: 2/70 [Maggie/bolt of fire (16)]
  3929 | D:6      | Killed from afar by Maggie

Vanquished Creatures
  Pikel (D:3)
  A water moccasin (D:5)
  An ice beast (D:6)
  2 phantoms (D:5)
  Blork the orc (D:4)
  2 necrophages (D:5)
  2 hounds (D:5)
  3 jellies (D:5)
  2 iguanas
  An orc wizard (D:6)
  2 gnolls (D:6)
  9 adders
  A shadow imp (D:5)
  2 ufetubi
  2 dart slugs (D:5)
  6 orcs
  3 ball pythons (D:1)
  11 endoplasms
  2 giant cockroaches (D:2)
  18 goblins
  5 hobgoblins
  9 jackals
  6 quokkas
  3 bats
  2 frilled lizards
  5 kobolds
  3 rats
105 creatures vanquished.
